 Dungeon Crawl Stone Soup version 0.25-a0-796-gd415a3ffb0 (webtiles) character file.

Game seed: 14797032570141851136, levelgen mode: deterministic

38648 DavidChitty2 the Severer (level 13, -3/118 (119) HPs)
             Began as a Minotaur Fighter on Apr 18, 2020.
             Was an Initiate of Gozag.
             Slain by a hog (8 damage)
             ... led by Kirke
             ... on level 5 of the Lair of Beasts.
             The game lasted 00:23:26 (14109 turns).

DavidChitty2 the Severer (Minotaur Fighter)        Turns: 14109, Time: 00:23:26

HP:   -3/118 (119)  AC:  0    Str: 25    XL:     13   Next: 64%
MP:   12/12         EV: 13    Int:  5    God:    Gozag
Gold: 3917          SH:  0    Dex: 11    Spells: 12/12 levels left

rFire    . . .     SeeInvis .   (weapon currently unavailable)
rCold    . . .     Gourm    .   (shield currently unavailable)
rNeg     . . .     Faith    .   (armour currently unavailable)
rPois    .         Spirit   .   (helmet currently unavailable)
rElec    .         Reflect  .   (cloak currently unavailable)
rCorr    .         Harm     .   (gloves currently unavailable)
MR       .....                  (boots currently unavailable)
Stlth    +.........             I - amulet of regeneration
HPRegen  0.69/turn              (ring currently unavailable)
MPRegen  0.13/turn              (ring currently unavailable)

@: lethally poisoned (-3 -> -3), about to teleport, pig-form, gold aura, very
quick
A: small, (retaliatory headbutt)
a: Potion Petition, Call Merchant, Bribe Branch, Renounce Religion


You were on level 5 of the Lair of Beasts.
You worshipped Gozag.
Gozag was most pleased with you.
You were not hungry.
You were a filthy swine.
You visited 2 branches of the dungeon, and saw 16 of its levels.
You also visited: Gauntlet.

You collected 4381 gold pieces.
You spent 55 gold pieces at shops.
You paid 409 gold pieces to Gozag.

Inventory:

Hand Weapons
 a - a +1 war axe of freezing (melded)
 b - a +4 flail of protection
   (You took it off Edmund on level 4 of the Dungeon)
Missiles
 B - 6 throwing nets (quivered) {!f}
Armour
 j - a +1 kite shield (melded)
 q - a +2 cloak (melded)
   (You found it on level 5 of the Dungeon)
 E - a +0 hat (melded)
   (You found it on level 7 of the Dungeon)
 H - a +1 pair of gloves (melded)
   (You found it on level 10 of the Dungeon)
 L - a +1 pair of boots (melded)
   (You found it on level 2 of the Lair of Beasts)
 U - a +0 plate armour of fire resistance (melded)
   (You found it on level 11 of the Dungeon)
Jewellery
 i - an uncursed ring of protection from fire
   (You found it on level 2 of the Lair of Beasts)
 l - an uncursed ring of protection from magic
   (You took it off a minotaur in a Gauntlet)
 s - an uncursed ring of ice
   (You found it on level 2 of the Lair of Beasts)
 A - a ring of poison resistance (melded)
   (You found it on level 7 of the Dungeon)
 I - an amulet of regeneration (around neck)
   (You found it on level 10 of the Dungeon)
 N - the ring "Totin" (melded) {Fire MR+ MP+9 Str+4}
   (You found it in a Gauntlet)

   [ring of fire]

   It enhances your fire magic.
   It affects your strength (+4).
   It protects you from fire.
   It makes you vulnerable to cold.
   It affects your resistance to hostile enchantments.
   It affects your magic capacity (+9).
 Q - a +4 ring of slaying
   (You found it on level 11 of the Dungeon)
Wands
 c - a wand of disintegration (8)
   (You found it on level 3 of the Lair of Beasts)
 d - a wand of iceblast (13)
   (You found it in a Gauntlet)
 r - a wand of enslavement (13)
   (You took it off Maggie on level 6 of the Dungeon)
 t - a wand of flame (44)
   (You took it off a hobgoblin on level 5 of the Dungeon)
 u - a wand of paralysis (32)
   (You found it on level 7 of the Dungeon)
 x - a wand of acid (7)
   (You found it on level 3 of the Dungeon)
 P - a wand of scattershot (11)
   (You found it on level 11 of the Dungeon)
 T - a wand of clouds (6)
   (You found it in a Gauntlet)
Scrolls
 g - 3 scrolls of blinking
 m - 5 scrolls of fear
 v - a scroll of identify {@r1}
 y - 4 scrolls of teleportation {@r4}
 D - 9 scrolls of remove curse {@r2}
 G - 2 scrolls of immolation {!r}
Potions
 f - 5 potions of heal wounds {@q2}
 h - 7 potions of curing {@q1}
 k - 3 potions of lignification {!q}
 n - 5 potions of brilliance
 o - 8 potions of flight
 p - a potion of invisibility
 w - 2 potions of cancellation {unknown}
 z - a potion of ambrosia
 C - 3 potions of resistance
 F - 3 potions of mutation {!q}
 J - 2 potions of berserk rage
 K - a potion of stabbing
 O - 2 potions of magic
 R - 6 potions of might
Miscellaneous
 S - a phantom mirror
Comestibles
 e - 9 rations {!d}


   Skills:
 + Level 12.9 Fighting
 * Level 17.0 Axes
 + Level 13.0 Armour
 + Level 13.0 Shields


You had 12 spell levels left.
You didn't know any spells.
Your spell library contained the following spells:

 Spells                   Type           Power        Failure   Level  Hunger
 Animate Skeleton         Necr           N/A          47%         1    ##.....
 Apportation              Tloc           #.....       47%         1    ##.....
 Corona                   Hex            #......      47%         1    ##.....
 Infusion                 Chrm           #...         47%         1    ##.....
 Sandblast                Erth           #.....       47%         1    ##.....
 Summon Small Mammal      Summ           #...         47%         1    ##.....
 Passwall                 Tmut/Erth      #.......     63%         2    ###....
 Shroud of Golubria       Chrm/Tloc      #.....       63%         2    ###....
 Song of Slaying          Chrm           #.......     63%         2    ###....
 Confusing Touch          Hex            #.......     85%         3    ####...
 Gell's Gravitas          Tloc           #.........   85%         3    ####...
 Ozocubu's Armour         Chrm/Ice       #.......     85%         3    ####...
 Spectral Weapon          Hex/Chrm       #.......     85%         3    ####...
 Stone Arrow              Conj/Erth      #.....       85%         3    ####...
 Petrify                  Tmut/Erth      #.......     99%         4    #####..
 Irradiate                Conj/Tmut      #.........   100%        5    ######.
 Lee's Rapid Deconstruct  Erth           #.........   100%        5    ######.
 Metabolic Englaciation   Hex/Ice        #.........   100%        5    ######.
 Yara's Violent Unravell  Hex/Tmut       #.........   100%        5    ######.
 Hydra Form               Tmut           #.........   100%        6    #######
 Statue Form              Tmut/Erth      #........    100%        6    #######
 Dragon Form              Tmut           #.........   100%        7    #######


Dungeon Overview and Level Annotations

Branches:
Dungeon (11/15)            Temple (0/1) D:5            Lair (5/6) D:8
  Swamp (0/4) Lair:3        Snake (0/4) Lair:4        Slime (0/5) Lair:5
    Orc (0/2) D:11        Gauntlet (visited)

Altars:
Ashenzari
Dithmenos
Elyvilon
Gozag
Hepliaklqana
Kikubaaqudgha
Qazlal
Ru
Vehumet
The Shining One

Shops:
D:5 !

Annotations:
D:10 2 runed translucent doors, vishdafish's ghost, novice GnSk
Lair:5 Kirke


Innate Abilities, Weirdness & Mutations

((You reflexively headbutt those who attack you in melee.))
((You have a pair of horns on your head.))


Message History

You hit the death yak. You freeze the death yak.
You feel sick.
The hog is no longer distracted by gold. x2
The death yak is no longer distracted by gold.
The hog becomes distracted by the nearby gold, dreaming of imaginary riches.
Kirke casts a spell at you.
You turn into a filthy swine.
Your +1 war axe of freezing melds into your body.
Your +2 cloak melds into your body.
Your +0 hat melds into your body.
Your +1 pair of gloves melds into your body.
Your +1 pair of boots melds into your body.
Your +1 kite shield melds into your body.
Your +0 plate armour of fire resistance melds into your body.
The ring "Totin" {Fire MR+ MP+9 Str+4} melds into your body.
Your ring of poison resistance melds into your body.
Your +1 war axe of freezing stops glowing.
You feel less resistant to fire. The death yak closely misses you.
You hit the death yak.
The hog is no longer distracted by gold.
You hit the death yak but do no damage.
The death yak becomes distracted by the nearby gold, dreaming of imaginary riches.
The death yak closely misses you.
You hit the death yak.
The death yak is no longer distracted by gold.
The hog is no longer distracted by gold.
The death yak gores you.
The hog becomes distracted by the nearby gold, dreaming of imaginary riches.
The death yak gores you!
The hog squeals angrily.
You hit the death yak.
You feel sick. The death yak closely misses you.
You hit the death yak.
The death yak becomes distracted by the nearby gold, dreaming of imaginary riches.
You completely miss the death yak.
The death yak bellows!
The hog bites you.
* * * LOW HITPOINT WARNING * * *
The death yak gores you!!
* * * LOW HITPOINT WARNING * * *
You hit the death yak but do no damage.
The death yak is no longer distracted by gold.
The hog bites you!
* * * LOW HITPOINT WARNING * * *
The death yak gores you!!
* * * LOW HITPOINT WARNING * * *
The wall burns Kirke!
As you read the scroll of teleportation {@r4}, it crumbles to dust.
You feel strangely unstable.
You feel sick.
The hog becomes distracted by the nearby gold, dreaming of imaginary riches.
The hog bites you!
You die...
Your body crumbles into a pile of gold.

##.###.#.........P.....###
#.####................#
#..###..............#.#
##..##.##..####.#....##
########### ##..(...#
##.##....# ##.####.P.#
#.###...........
#....hY........#
#...hh$Y........#
#......@......... #
.........#.......
.......#.........
.................
....h.#..>..#... ......
.........


You could see Kirke, 2 death yaks and 3 hogs.

Vanquished Creatures
  A minotaur (Gauntlet)
  Josephine (D:11)
  A death ooze (Gauntlet)
  4 hydras
  Harold (Lair:2)
  A two-headed ogre (D:11)
  Erica (Lair:2)
  A death scarab (Gauntlet)
  5 death yaks (Lair:5)
  A spectral death yak (Gauntlet)
  A wizard (D:10)
  3 cyclopes
  2 manticores (D:11)
  5 black mambas
  Maurice (D:10)
  2 minotaur zombies (Gauntlet)
  An apocalypse crab (Gauntlet)
  10 spiny frogs
  Maggie (D:6)
  A rime drake (Lair:3)
  A kobold demonologist (D:9)
  2 komodo dragons
  A merfolk (D:10)
  5 blink frogs (Lair:4)
  4 hippogriffs
  Sigmund (D:5)
  7 basilisks
  4 wraiths (D:11)
  21 yaks
  2 wyverns
  A hog (Lair:5)
  Grum (Lair:1)
  4 nagas (Lair:4)
  Edmund (D:4)
  5 porcupines
  7 water moccasins
  4 orc warriors
  4 black bears
  2 sky beasts (D:9)
  2 ice beasts
  A necrophage (D:8)
  21 wolves
  A phantom (D:11)
  12 ogres
  5 centaurs
  10 crocodiles
  2 big kobolds (D:6)
  12 bullfrogs
  A water moccasin zombie (D:7)
  2 scorpions
  A wyvern skeleton (D:11)
  13 killer bees
  7 wights
  2 howler monkeys (D:11)
  An electric eel (Lair:3)
  3 bullfrog zombies
  12 crimson imps
  A centaur zombie (D:7)
  6 hounds
  4 jellies
  2 bullfrog skeletons
  7 orc priests
  A centaur skeleton (D:9)
  2 iguanas
  13 worker ants
  7 orc wizards
  A hound zombie (D:9)
  2 hound skeletons (D:4)
  A worker ant zombie (D:10)
  3 gnolls (D:6)
  An orc zombie (D:7)
  11 adders
  5 shadow imps
  5 oozes
  2 adder skeletons
  2 worms (D:2)
  4 dart slugs
  4 leopard geckos
  26 orcs
  2 giant cockroaches (D:8)
  31 goblins
  43 hobgoblins
  7 jackals
  9 kobolds
  3 quokkas
  A ball python (D:1)
  5 bats
  8 frilled lizards
  A jackal zombie (D:8)
  2 quokka skeletons
  A quokka zombie (D:8)
  6 rats
  3 fungi
  2 plants
463 creatures vanquished.

Vanquished Creatures (others)
  6 fungi
  5 plants
11 creatures vanquished.

Grand Total: 474 creatures vanquished

Notes
Turn   | Place    | Note
-------+----------+-------------------------------------------
     0 | D:1      | DavidChitty2 the Minotaur Fighter began the quest for the
                  | Orb.
     0 | D:1      | Reached XP level 1. HP: 19/19 MP: 0/0
    85 | D:1      | Reached XP level 2. HP: 25/27 MP: 1/1
   149 | D:1      | Reached skill level 3 in Axes
   643 | D:2      | Reached XP level 3. HP: 29/33 MP: 2/2
   755 | D:2      | Found a hazy altar of Hepliaklqana.
   755 | D:2      | Found an opulent altar of Gozag.
   756 | D:2      | Found an ancient bone altar of Kikubaaqudgha.
   771 | D:2      | Became a worshipper of Gozag Ym Sagoz the Greedy
  1084 | D:3      | Reached XP level 4. HP: 40/40 MP: 3/3
  1209 | D:3      | Reached skill level 4 in Axes
  1292 | D:3      | Found a transporter.
  1300 | D:3      | Found a transporter.
  1515 | D:3      | Found a glowing golden altar of the Shining One.
  1926 | D:4      | Reached XP level 5. HP: 44/47 MP: 4/4
  2269 | D:4      | Noticed Edmund
  2295 | D:4      | Killed Edmund
  2295 | D:4      | Reached skill level 5 in Axes
  2295 | D:4      | Reached skill level 5 in Shields
  2295 | D:4      | Reached XP level 6. HP: 15/55 MP: 5/5
  2736 | D:5      | Entered Level 5 of the Dungeon
  2791 | D:5      | Found Ugawuasch's Distillery.
  2799 | D:5      | Bought a potion of heal wounds for 55 gold pieces
  2805 | D:5      | Reached skill level 5 in Armour
  2847 | D:5      | Reached skill level 5 in Fighting
  2911 | D:5      | Found a staircase to the Ecumenical Temple.
  2949 | D:5      | Reached skill level 6 in Axes
  2959 | D:5      | Noticed Sigmund
  2968 | D:5      | Killed Sigmund
  2968 | D:5      | Reached XP level 7. HP: 54/61 MP: 6/6
  3031 | D:5      | Found a shattered altar of Ashenzari.
  3185 | D:5      | Found a radiant altar of Vehumet.
  3541 | D:6      | Noticed Maggie
  3550 | D:6      | Killed Maggie
  3550 | D:6      | Reached skill level 7 in Axes
  3550 | D:6      | Reached XP level 8. HP: 26/70 MP: 7/7
  4223 | D:6      | Reached skill level 8 in Axes
  5165 | D:7      | Found a transporter.
  5201 | D:7      | Reached skill level 9 in Axes
  5258 | D:7      | Found a transporter.
  5327 | D:7      | Reached XP level 9. HP: 77/79 MP: 8/8
  5617 | D:7      | Found a shadowy altar of Dithmenos.
  5740 | D:7      | Reached skill level 10 in Axes
  6078 | D:8      | Found a sacrificial altar of Ru.
  6128 | D:8      | Found a staircase to the Lair.
  6223 | D:8      | Noticed a cyclops
  6233 | D:8      | Killed a cyclops
  6233 | D:8      | Reached skill level 11 in Axes
  6233 | D:8      | Reached XP level 10. HP: 79/90 MP: 9/9
  6301 | D:8      | You fall into a shaft and drop 1 floor!
  6301 | D:9      | Found a white marble altar of Elyvilon.
  6576 | D:9      | Reached skill level 12 in Axes
  6930 | D:8      | Found a stormy altar of Qazlal.
  7302 | D:10     | Entered Level 10 of the Dungeon
  7371 | D:10     | Noticed a lich
  7371 | D:10     | Noticed vishdafish's ghost (novice GnSk)
  7371 | D:10     | Noticed a necromancer
  7372 | D:10     | Noticed a skeletal warrior
  7372 | D:10     | Noticed a skeletal warrior
  7372 | D:10     | Noticed a yaktaur captain
  7385 | D:10     | Noticed a fire crab
  7398 | D:10     | Noticed Maurice
  7519 | D:10     | Killed Maurice
  7700 | D:10     | Found a runed translucent door.
  7706 | D:10     | Found a runed translucent door.
  7919 | D:10     | Noticed a wizard
  7928 | D:10     | Killed a wizard
  7928 | D:10     | Reached XP level 11. HP: 99/99 MP: 10/10
  8338 | D:11     | Found a shadowy altar of Dithmenos.
  8345 | D:11     | Found a gate leading to a gauntlet.
  8374 | Gauntlet | Entered a Gauntlet
  8374 | Gauntlet | Found a transporter.
  8388 | Gauntlet | Found a transporter.
  8398 | Gauntlet | Found a transporter.
  8403 | Gauntlet | Found a transporter.
  8418 | Gauntlet | Found a transporter.
  8437 | Gauntlet | Found a transporter.
  8437 | Gauntlet | Noticed a green death
  8449 | Gauntlet | Found a transporter.
  8449 | Gauntlet | Noticed a ghost crab
  8461 | Gauntlet | Found a transporter.
  8461 | Gauntlet | Noticed a great orb of eyes
  8467 | Gauntlet | Found a transporter.
  8467 | Gauntlet | Noticed a white ugly thing
  8468 | Gauntlet | Noticed a green ugly thing
  8469 | Gauntlet | Found a transporter.
  8486 | Gauntlet | Found a transporter.
  8492 | Gauntlet | Found a transporter.
  8494 | Gauntlet | Found a transporter.
  8511 | Gauntlet | Found a transporter.
  8517 | Gauntlet | Found a transporter.
  8566 | Gauntlet | Found a transporter.
  8567 | Gauntlet | Noticed a death ooze
  8593 | Gauntlet | Found a transporter.
  8615 | Gauntlet | Found a transporter.
  8786 | Gauntlet | Noticed a death scarab
  8804 | Gauntlet | Reached skill level 10 in Fighting
  8804 | Gauntlet | Reached skill level 10 in Armour
  8804 | Gauntlet | Reached skill level 10 in Shields
  8806 | Gauntlet | Killed a death scarab
  8806 | Gauntlet | Reached skill level 13 in Axes
  8864 | Gauntlet | Killed a death ooze
  8999 | Gauntlet | Got a transparent lapis lazuli ring
  9003 | Gauntlet | Identified the ring "Totin" {Fire MR+ MP+9 Str+4} (You
                  | found it in a Gauntlet)
  9007 | Gauntlet | Noticed a minotaur
  9020 | Gauntlet | Killed a minotaur
  9369 | D:11     | Found a staircase to the Orcish Mines.
  9453 | D:11     | Reached skill level 14 in Axes
  9867 | D:11     | Noticed a two-headed ogre
  9873 | D:11     | Killed a two-headed ogre
  9873 | D:11     | Reached XP level 12. HP: 90/109 MP: 11/11
  9900 | D:11     | Noticed Josephine
  9910 | D:11     | Killed Josephine
 10130 | Lair:1   | Entered Level 1 of the Lair of Beasts
 10145 | Lair:1   | Noticed Grum
 10160 | Lair:1   | Killed Grum
 10578 | Lair:1   | Reached skill level 15 in Axes
 10815 | Lair:2   | Noticed Harold
 10823 | Lair:2   | Killed Harold
 11163 | Lair:2   | Noticed Erica
 11180 | Lair:2   | Killed Erica
 11774 | Lair:2   | Noticed a six-headed hydra
 11781 | Lair:2   | Killed a seven-headed hydra
 12160 | Lair:3   | Noticed a four-headed hydra
 12168 | Lair:3   | Killed a four-headed hydra
 12302 | Lair:3   | Noticed a seven-headed hydra
 12312 | Lair:3   | Killed a seven-headed hydra
 12312 | Lair:3   | Reached skill level 16 in Axes
 12312 | Lair:3   | Reached XP level 13. HP: 68/117 MP: 12/12
 12349 | Lair:3   | Found a staircase to the Swamp.
 13391 | Lair:4   | Found a staircase to the Snake Pit.
 14081 | Lair:5   | Found a staircase to the Slime Pits.
 14087 | Lair:5   | Reached skill level 17 in Axes
 14096 | Lair:5   | Noticed Kirke
 14108 | Lair:5   | HP: 5/118 [death yak (18)]
 14109 | Lair:5   | Slain by a hog

Levels and vault maps discovered:
D:1:      dpeg_arrival_tiny_c, layout_basic, minmay_curled_crystal,
          kennysheep_crisscross
D:2:      layout_basic, gammafunk_temple_overflow_claw
D:3:      gammafunk_wand_slinger, layout_loops_ring,
          nicolae_overflow_hidden_temple, first_ration
D:4:      layout_loops_ring, uniq_edmund
D:5:      layout_loops_ring, vehumet_altar_wand_db, old_standard_altar,
          minmay_temple_entry_overgrown, serial_shops, shop, uniq_sigmund
D:6:      minmay_goblin_kobold_castle, layout_basic, uniq_maggie
D:7:      gammafunk_cloud_chamber, layout_rooms, grunt_dithmenos_shadows,
          minmay_misc_feat_nine_boxes
D:8:      layout_loops_ring, lemuel_doored_altar,
          nicolae_ru_great_annihilating_truth, lair_entry_dummy
D:9:      layout_roguey, elyvilon_altar_4
D:10:     layout_loops_cross, muffindrake_ghost_dual_entry, hangedman_fish_farm,
          lightli_wizard_tower, uniq_maurice
D:11:     layout_gridville, david_orc_2, gauntlet_entry_generic, basic_altar,
          uniq_josephine
Lair:1:   layout_regular_city, uniq_grum
Lair:2:   layout_layer_cave, minivault_26, uniq_erica, uniq_harold
Lair:3:   layout_layer_cave, swamp_mist_pool, chequers_serial_rivers_micro_d,
          serial_bayou_shore_b
Lair:4:   layout_misc_corridors, minmay_snake_entry_guardpost_small,
          kennysheep_basilisk_garden
Lair:5:   layout_gridlike, nicolae_slime_entry_slimehenge, serial_bayou_shore_b,
          uniq_kirke

Skill      XL: |  1  2  3  4  5  6  7  8  9 10 11 12 13 |
---------------+----------------------------------------+-----
Axes           | 3 4 5 6 7 9 11 12 14 16 17 | 17.0
Armour         | 4 5 6 7 8 9 11 12 13 | 13.0
Shields        | 4 5 6 7 8 9 11 12 13 | 13.0
Fighting       | 4 5 6 7 8 9 11 12 | 12.9

Action                   |  1- 3 |  4- 6 |  7- 9 | 10-12 | 13-15 || total
-------------------------+-------+-------+-------+-------+-------++-------
Melee: War axe           |    87 |   126 |   333 |   570 |   178 ||  1294
       Headbutt          |    10 |    22 |    53 |   132 |    42 ||   259
       Flail             |       |       |       |    18 |     6 ||    24
       Unarmed           |       |       |       |       |     7 ||     7
Invok: Potion Petition   |       |       |       |     2 |       ||     2
Evoke: Wand              |       |       |     4 |       |     3 ||     7
  Use: Scroll            |       |     7 |     3 |    14 |     7 ||    31
 Stab: Distracted        |       |       |     3 |     3 |     1 ||     7
       Paralysed         |       |       |     1 |       |       ||     1
       Sleeping          |       |       |       |     5 |       ||     5
  Eat: Ration            |       |     2 |     3 |     6 |     2 ||    13
       Chunk             |       |       |       |     1 |       ||     1
Armor: Scale mail        |    38 |     5 |       |       |       ||    43
       Chain mail        |       |    40 |    16 |       |       ||    56
       Plate armour      |       |       |   160 |   274 |    77 ||   511
Dodge: Dodged            |    27 |    16 |    56 |   119 |    26 ||   244
Block: Kite shield       |    59 |    52 |   176 |   336 |    98 ||   721

Table legend:
 A = Non-vault XP
 B = Vault XP
 C = Vault XP percentage of total XP
 D = Non-vault monster count
 E = Vault monster count
 F = Vault count percentage of total count
                 A         B        C        D         E       F
            +---------+---------+-------+---------+---------+-------
      Total |   40733 |   14479 |  26.2 |     341 |     117 |  25.5
            +---------+---------+-------+---------+---------+-------
        D:1 |      38 |       0 |   0.0 |      23 |       0 |   0.0
        D:2 |      54 |       0 |   0.0 |      18 |       0 |   0.0
        D:3 |      91 |       0 |   0.0 |      15 |       0 |   0.0
        D:4 |     109 |     158 |  59.2 |       7 |       1 |  12.5
        D:5 |     439 |     229 |  34.3 |      26 |       2 |   7.1
        D:6 |     656 |     758 |  53.6 |      15 |      63 |  80.8
        D:7 |    1420 |     461 |  24.5 |      23 |       5 |  17.9
        D:8 |    2142 |      45 |   2.1 |      34 |       4 |  10.5
        D:9 |    3072 |       0 |   0.0 |      33 |       0 |   0.0
       D:10 |     500 |    1486 |  74.8 |       8 |       4 |  33.3
       D:11 |    5382 |    2101 |  28.1 |      39 |      11 |  22.0
     Lair:1 |    3136 |     421 |  11.8 |      17 |       3 |  15.0
     Lair:2 |    5652 |    1862 |  24.8 |      24 |       2 |   7.7
     Lair:3 |    4564 |       0 |   0.0 |      12 |       0 |   0.0
     Lair:4 |    7337 |    1579 |  17.7 |      34 |       9 |  20.9
     Lair:5 |    6141 |     301 |   4.7 |      13 |       6 |  31.6
   Gauntlet |       0 |    5078 | 100.0 |       0 |       7 | 100.0
            +---------+---------+-------+---------+---------+-------
